 Dungeon Crawl Stone Soup version 0.17-a0-2171-ga91b4ec (webtiles) character file.

1619 mrath the Poker (level 8, -6/60 HPs)
             Began as a Merfolk Ice Elementalist on Oct 25, 2015.
             Was an Initiate of Okawaru.
             Mangled by an orc warrior
             ... wielding a +1 dire flail of draining
              (9 damage)
             ... on level 6 of the Dungeon.
             The game lasted 01:32:43 (9419 turns).

mrath the Poker (Merfolk Ice Elementalist)          Turns: 9419, Time: 01:32:43

Health: -6/60      AC:  5    Str:  8    XL:     8   Next: 96%
Magic:  14/14      EV: 21    Int: 15    God:    Okawaru [......]
Gold:   268        SH:  0    Dex: 21    Spells: 3 memorised, 9 levels left

rFire  . . .     SeeInvis .     m - +1 spear (pierce)
rCold  + . .     Clarity  .     a - +0 robe
rNeg   . . .     SustAt   .     (no shield)
rPois  .         Gourm    .     (no helmet)
rElec  .         Spirit   .     E - +0 cloak
rCorr  .         Warding  .     C - +0 pair of gloves
rMut   .         Stasis   .     i - +0 pair of boots
MR     +....                    (no amulet)
Stlth  +++.......               V - ring of protection from cold
                                X - ring of protection from magic

@: agile, heavily drained, somewhat resistant to hostile enchantments, fairly
stealthy
A: change form in water, swift swim
a: Renounce Religion


You were on level 6 of the Dungeon.
You worshipped Okawaru.
Okawaru was noncommittal.
You were not hungry.

You visited 1 branch of the dungeon, and saw 7 of its levels.
You also visited: Sewer.

You collected 268 gold pieces.

Inventory:

Hand Weapons
 d - a +4 whip
 h - a +3 mace of freezing
 m - a +1 spear of piercing (weapon)
 v - a +3 dagger
 y - a +0 flail
 F - a +2 flail of draining
 O - a +0 trident
 P - a +0 hand axe
 T - a +3 flail of draining
Missiles
 p - 146 stones
 B - 17 poisoned needles
 I - 4 needles of frenzy
 W - 3 tomahawks (quivered)
Armour
 a - a +0 robe (worn)
 i - a +0 pair of boots (worn)
 C - a +0 pair of gloves (worn)
 E - a +0 cloak (worn)
 J - a +0 buckler
Magical Staves
 U - an uncursed staff of power
Jewellery
 M - an uncursed ring of stealth
 V - a ring of protection from cold (right hand)
 X - a ring of protection from magic (left hand)
Wands
 u - a wand of cold (0)
 L - a wand of lightning (4)
 Q - a wand of frost (23)
 Z - a wand of fireball (9)
Scrolls
 e - 2 scrolls of amnesia
 f - 5 scrolls of identify
 g - 3 scrolls of remove curse
 j - a scroll of magic mapping
 l - 2 scrolls of blinking
 n - a scroll of enchant weapon {unknown}
 o - a scroll of fog
 s - 2 scrolls of recharging
 t - 2 scrolls of fear {unknown}
 w - 2 scrolls of teleportation {unknown}
 z - a scroll of noise {unknown}
 G - 3 scrolls of enchant armour {unknown}
 K - a scroll of random uselessness {unknown}
 Y - a scroll of vulnerability {unknown}
Potions
 r - 2 potions of might {unknown}
 x - a potion of flight {unknown}
 D - a potion of mutation {unknown}
 H - a potion of magic {unknown}
 N - a potion of brilliance {unknown}
 R - a potion of poison {unknown}
 S - a potion of heal wounds {unknown}
Books
 b - a book of Frost

   Spells                             Type                      Level
   a - Freeze                         Ice                          1
   b - Throw Frost                    Conjuration/Ice              2
   c - Ozocubu's Armour               Charms/Ice                   3
   d - Throw Icicle                   Conjuration/Ice              4
   e - Summon Ice Beast               Ice/Summoning                4
   f - Condensation Shield            Ice                          4
 A - a book of Dreams

   Spells                             Type                      Level
   a - Ensorcelled Hibernation        Hexes/Ice                    2
   b - Phase Shift                    Translocation                5
   c - Shadow Creatures               Summoning                    5
   d - Silence                        Hexes/Air                    5
   e - Darkness                       Hexes                        6
   f - Mass Confusion                 Hexes                        6
Comestibles
 c - 4 bread rations
 k - 6 meat rations


   Skills:
 + Level 4.2(2.7) Fighting
 + Level 6.3(4.7) Polearms
 + Level 6.3(4.7) Dodging
 - Level 2.1(0.7) Stealth
 + Level 4.1(2.6) Spellcasting
 - Level 0.7(0.0) Conjurations
 + Level 4.2(2.7) Charms
 + Level 5.8(4.2) Ice Magic
 + Level 2.0(0.6) Invocations
 + Level 2.0(0.5) Evocations


You had 9 spell levels left.
You knew the following spells:

 Your Spells              Type           Power        Failure   Level  Hunger
a - Freeze                Ice            ##..         4%          1    #......
b - Throw Frost           Conj/Ice       #.....       14%         2    ###....
c - Ozocubu's Armour      Chrm/Ice       ##......     17%         3    ###....


Dungeon Overview and Level Annotations

Branches:
Dungeon (7/15)             Temple (0/1) D:7

Altars:
Elyvilon
Okawaru
Qazlal
Trog

Shops:
D:4 :

Annotations:
D:3 Sigmund


Message History

Ouch! That really hurt!
* * * LOW HITPOINT WARNING * * *
You feel drained.
* * * LOW HITPOINT WARNING * * *
Drink which item? (? for menu, Esc to quit)
You feel agile all of a sudden. The orc warrior closely misses you.
There is a stone staircase leading up here.
The orc warrior hits you with a dire flail of draining.
* * * LOW HITPOINT WARNING * * *
You feel drained.
* * * LOW HITPOINT WARNING * * *
You climb upwards.
There is a stone staircase leading down here.
You hit the orc warrior.
The orc warrior is lightly wounded.
You hit the orc warrior but do no damage.
The orc warrior is lightly wounded.
The orc warrior hits you with a dire flail of draining!
You die...

#...# #.#.# ##### #.#.#
#...# #.#.#
#.#.###.#.##########
#.......#.##.......#
##..#...#.##.......#
#.##o#.#)##.......#
#.##@.............#
###....###.#........###
#......###.##.......#..
#.......##.##.......#.#
#.......##.##..######.#
#.......'..............
#.......##.#.#.######.#
#####...##...#..##....#
#...####.##.##.##.#


You could see an orc warrior.

Vanquished Creatures
  The ghost of HaroldButt the Ruffian, an amateur NaTm (D:4)
  Edmund (D:5)
  2 phantoms
  Purgy (Sewer)
  A sky beast (D:7)
  A necrophage (D:5)
  An ogre (D:4)
  A giant frog (D:6)
  A scorpion (D:5)
  4 wights (D:6)
  A hound (D:6)
  2 jellies
  A centaur skeleton (D:5)
  A giant frog zombie (D:7)
  A giant frog skeleton (D:6)
  2 orc priests (D:3)
  2 orc wizards
  A worker ant (D:5)
  3 gnolls (D:6)
  2 river rats (D:3)
  9 adders
  A shadow imp (D:6)
  2 oozes
  3 worms
  5 giant geckos
  13 orcs
  7 giant cockroaches
  7 goblins
  7 hobgoblins
  8 bats
  6 giant newts
  8 jackals
  7 kobolds
  A quokka zombie (D:5)
  6 rats
120 creatures vanquished.

Notes
Turn   | Place    | Note
--------------------------------------------------------------
     0 | D:1      | mrath the Merfolk Ice Elementalist began the quest for the Orb.
     0 | D:1      | Reached XP level 1. HP: 13/13 MP: 3/3
   624 | D:1      | Reached XP level 2. HP: 17/20 MP: 3/5
  1372 | D:2      | Reached skill level 1 in Fighting
  1564 | D:2      | Reached XP level 3. HP: 26/26 MP: 4/6
  1605 | D:2      | Learned a level 2 spell: Throw Frost
  1609 | D:2      | Learned a level 3 spell: Ozocubu's Armour
  2280 | D:3      | Reached skill level 1 in Polearms
  2415 | D:3      | Found a glowing drain.
  2430 | D:3      | Reached XP level 4. HP: 28/32 MP: 3/7
  2502 | Sewer    | Entered a sewer
  2516 | Sewer    | Reached skill level 1 in Charms
  2558 | Sewer    | Noticed Purgy
  2655 | Sewer    | Killed Purgy
  2655 | Sewer    | Reached skill level 4 in Dodging
  2655 | Sewer    | Reached XP level 5. HP: 21/38 MP: 3/9
  3028 | D:2      | Reached XP level 6. HP: 24/45 MP: 4/10
  3890 | D:3      | Noticed Sigmund
  4051 | D:4      | Found Zauv's Book Shop.
  4283 | D:4      | Noticed HaroldButt's ghost (amateur NaTm)
  4318 | D:4      | Found a stormy altar of Qazlal.
  4408 | D:5      | Entered Level 5 of the Dungeon
  4540 | D:5      | Reached XP level 7. HP: 38/49 MP: 9/11
  5525 | D:4      | Killed HaroldButt's ghost
  5525 | D:4      | Reached skill level 5 in Dodging
  5525 | D:4      | Reached skill level 5 in Ice Magic
  5603 | D:4      | Found an iron altar of Okawaru.
  6068 | D:4      | Became a worshipper of Warmaster Okawaru
  6427 | D:5      | Reached XP level 8. HP: 28/56 MP: 6/13
  6729 | D:5      | Noticed Edmund
  6739 | D:5      | Killed Edmund
  6739 | D:5      | Reached skill level 5 in Polearms
  7088 | D:5      | Found a bloodstained altar of Trog.
  7745 | D:6      | Reached skill level 1 in Evocations
  7813 | D:5      | Reached skill level 1 in Invocations
  8612 | D:6      | Reached skill level 6 in Dodging
  9006 | D:6      | Found a white marble altar of Elyvilon.
  9244 | D:7      | Found a staircase to the Ecumenical Temple.
  9390 | D:7      | HP: 1/60 [orc warrior/dire flail of draining (4)]
  9416 | D:7      | HP: 3/60 [orc warrior/dire flail of draining (1)]
  9419 | D:6      | Mangled by an orc warrior

Vault maps used:
D:1:      lightli_arrival_noodles
D:2:      minmay_misc_feat_chi
D:3:      gup_sewer_entry_bubbles, uniq_sigmund
D:4:      lemuel_coloured_pillars_altar, kennysheep_mini_moat, serial_shops,
          shop
D:5:      overflow_temple_1_default, first_bread, uniq_edmund
D:6:      nicolae_overflow_hidden_temple, grunt_ministairs_7,
          grunt_decor_mini_mirrors
D:7:      kennysheep_orc_sif_temple, minmay_temple_entry_from_below_a,
          serial_shops, nicolae_shop_behind_doors, minivault_24,
          grunt_livestock, minmay_holes
Sewer:    sewer_the_crocodile

Action                   |  1- 3 |  4- 6 |  7- 9 || total
-------------------------+-------+-------+-------++-------
Melee: Unarmed           |     9 |       |       ||     9
       Club              |     3 |       |       ||     3
       Spear             |    25 |    55 |   215 ||   295
Throw: Stone             |    20 |    11 |    28 ||    59
       Tomahawk          |       |    11 |    34 ||    45
 Cast: Freeze            |    47 |    51 |    54 ||   152
       Throw Frost       |     2 |    23 |    47 ||    72
Evoke: Wand              |       |     2 |     8 ||    10
  Use: Scroll            |     2 |       |     8 ||    10
       Potion            |       |       |     3 ||     3
 Stab: Sleeping          |     2 |       |     2 ||     4
       Distracted        |       |     1 |       ||     1
  Eat: Chunk             |     4 |     6 |     1 ||    11
       Pizza             |     1 |       |       ||     1
       Beef jerky        |       |     1 |     1 ||     2
       Meat ration       |       |     1 |       ||     1
       Fruit             |       |       |     3 ||     3
       Bread ration      |       |       |     2 ||     2
